 Dungeon Crawl Stone Soup version 0.30-b1-2-g02819fbbbe (webtiles) character file.

Game seed: 17064672589518130003

138569 emiel the Severer (level 16, -5/195 HPs)
             Began as a Demonspawn Berserker on Dec 28, 2023.
             Was a High Priest of Trog.
             Slain by a +6 scimitar of holy wrath (14 damage)
             ... on level 2 of the Elven Halls.
             The game lasted 00:41:22 (25067 turns).

emiel the Severer (Demonspawn Berserker)           Turns: 25067, Time: 00:41:22

Health: -5/195     AC: 35    Str: 26    XL:     16   Next: 71%
Magic:  16/16      EV: 12    Int: 14    God:    Trog [*****.]
Gold:   257        SH:  4    Dex: 15    Spells: 15/15 levels left

rFire   + + +        l - +8 battleaxe "Foezxadgh" {heavy, rPois rF+++ rC+ Dex+3}
rCold   + + .        (shield currently unavailable)
rNeg    + . .        L - +1 plate armour {rC+}
rPois   +            W - +2 helmet {Int+3}
rElec   +            (cloak unavailable)
rCorr   .            j - +1 pair of gloves "Simus" {+Blink +Inv}
SInv    .            h - +2 pair of boots {Stlth+}
Will    ++...        x - amulet of the acrobat Stlth
                     R - ring of the Tortoise {AC+8}
HPRegen 0.52/turn    y - ring "Evetasie" {rElec rN+ Str+2}
MPRegen 0.15/turn

%: acrobat
@: berserking, very quick
A: molten scales 2, demonic guardian 1, condensation shield, demonic willpower,
weakness stinger 3
a: Renounce Religion, Evoke Blink, Evoke Invisibility, Berserk, Trog's Hand,
Brothers in Arms


You were on level 2 of the Elven Halls.
You worshipped Trog.
Trog was extremely pleased with you.
You visited 4 branches of the dungeon, and saw 24 of its levels.
You visited 1 bazaar.
You also visited: Ossuary.

You collected 3622 gold pieces.
You spent 3365 gold pieces at shops.

Inventory:

Hand Weapons
 l - the +8 battleaxe "Foezxadgh" (weapon) {heavy, rPois rF+++ rC+ Dex+3}
   (You bought it in a shop in a bazaar)

   Dex:       It affects your dexterity (+3).
   rF:        It renders you almost immune to fire.
   rC:        It protects you from cold.
   rPois:     It protects you from poison.
 B - a +5 executioner's axe of flaming
 U - a +8 executioner's axe of freezing
Missiles
 o - 10 curare-tipped darts
 v - 15 boomerangs (quivered)
 A - a throwing net
Armour
 h - a +2 pair of boots of stealth (worn)
 j - the +1 pair of gloves "Simus" (worn) {+Blink +Inv}
   (You acquired it on level 5 of the Dungeon)

   +Inv:      It lets you turn invisible.
   +Blink:    It lets you blink.
 L - a +1 plate armour of cold resistance (worn)
 W - a +2 helmet of intelligence (worn)
Jewellery
 d - a ring of poison resistance
 x - an amulet of the acrobat (around neck)
 y - the ring "Evetasie" (right hand) {rElec rN+ Str+2}
   (You bought it in a shop on level 2 of the Orcish Mines)

   [ring of positive energy]

   Str:       It affects your strength (+2).
   rElec:     It insulates you from electricity.
   rN:        It protects you from negative energy.
 G - a ring of flight
 M - a ring of protection from fire
 P - a +5 ring of evasion
 R - the ring of the Tortoise (left hand) {AC+8}
   (You bought it in a shop in a bazaar)

   [ring of protection]

   AC:        It affects your AC (+8).
 X - a +5 ring of evasion
Wands
 p - a wand of mindburst (13)
 D - a wand of light (1)
 I - a wand of digging (10)
 K - a wand of roots (28)
 S - a wand of polymorph (9)
 Z - a wand of flame (20)
Scrolls
 b - 3 scrolls of immolation
 g - 13 scrolls of teleportation
 m - 7 scrolls of poison
 q - a scroll of butterflies
 t - 4 scrolls of blinking
 u - 3 scrolls of fog
 F - 3 scrolls of fear
 H - a scroll of magic mapping
 J - 6 scrolls of vulnerability
 O - 3 scrolls of torment
 V - 6 scrolls of identify
 Y - 2 scrolls of enchant armour
Potions
 c - 6 potions of attraction
 e - 5 potions of lignification
 f - 3 potions of resistance
 i - 3 potions of berserk rage
 k - 4 potions of flight
 n - a potion of ambrosia
 r - 4 potions of haste
 s - 7 potions of curing
 w - 2 potions of cancellation
 z - 7 potions of might
 C - 4 potions of heal wounds
 E - 6 potions of mutation
 Q - a potion of invisibility
 T - 2 potions of magic
Miscellaneous
 a - a phantom mirror
 N - a lightning rod (4/4)


   Skills:
 + Level 13.1 Fighting
 * Level 17.9 Axes
 - Level 10.0 Throwing
 - Level 10.0 Armour
 - Level 10.0 Dodging
 - Level 10.0 Evocations


You had 15 spell levels left.
You didn't know any spells.
Your spell library was empty.

Dungeon Overview and Level Annotations

Branches:
Dungeon (15/15)            Temple (0/1) D:5            Lair (5/5) D:9
 Shoals (0/4) Lair:3       Spider (0/4) Lair:3        Slime (0/5) Lair:5
    Orc (2/2) D:12            Elf (2/3) Orc:2        Vaults (0/5) D:14
 Depths (0/4) D:15        Ossuary (visited)

Altars:
Ashenzari
Cheibriados
Dithmenos
Fedhas
Gozag
Hepliaklqana
Kikubaaqudgha
Nemelex Xobeh
Okawaru
Vehumet
Wu Jian
Xom
Jiyva

Shops:
D:2 (   D:5 ?**   D:11 [   Orc:2 =?:(   Elf:1 [(

Annotations:
D:6 1 runed translucent door, Crazy Yiuf
Lair:4 exclusion: 3 oklob plants


Innate Abilities, Weirdness & Mutations

You are mostly covered in molten scales. (AC +3)
A weak demonic guardian rushes to your aid.
A meltable shield of frost defends you. (SH +4)
You punish those that try to bend your will. (Will+)
You have a sharp stinger which inflicts weakening toxins.


Message History

Your tail-slap misses the +6 scimitar of holy wrath.
The +6 scimitar of holy wrath hits you!!
You convulse!!
The +6 scimitar of holy wrath hits you!
You convulse!
You are too injured to fight recklessly!
You are too injured to fight recklessly!
You are too injured to fight recklessly!
A red film seems to cover your vision as you go berserk!
You feel yourself moving faster!
You feel mighty!
The +6 scimitar of holy wrath hits you but does no damage.
The deep elf zephyrmancer hits you but does no damage.
The +6 scimitar of holy wrath hits you!
You convulse!
* * * LOW HITPOINT WARNING * * *
You slice the deep elf zephyrmancer like a ripe choko!!!
You feel the power of Trog in you as your rage grows.
You kill the deep elf zephyrmancer!
Trog accepts your kill.
Trog appreciates your killing of a magic user.
You barely miss the +6 scimitar of holy wrath.
The +6 scimitar of holy wrath hits you but does no damage.
Unknown command.
You barely miss the +6 scimitar of holy wrath.
The +6 scimitar of holy wrath hits you.
* * * LOW HITPOINT WARNING * * *
You convulse.
* * * LOW HITPOINT WARNING * * *
You miss the +6 scimitar of holy wrath.
The +6 scimitar of holy wrath hits you but does no damage. x2
You miss the +6 scimitar of holy wrath. The +6 scimitar of holy wrath hits you!
* * * LOW HITPOINT WARNING * * *
A demonic guardian appears!
You convulse!
* * * LOW HITPOINT WARNING * * *
You miss the +6 scimitar of holy wrath.
The +6 scimitar of holy wrath hits you but does no damage.
Unknown command.
You barely miss the +6 scimitar of holy wrath.
Your tail-slap misses the +6 scimitar of holy wrath.
The +6 scimitar of holy wrath hits you!
* * * LOW HITPOINT WARNING * * *
You convulse!
You die...

## +#.=.#'##
###'##.##
#<###'#####
#.# #.....#
#.###.....##
#.##.......#
###+####.)...#
.......#).$..#
(.....)@#...##
......(4#...#
........#+###
.........
.........
..).......
........#+
........#


You could see a +6 scimitar of holy wrath (ally target) and a friendly rust
devil (summoned).

Vanquished Creatures
  2 deep elf sorcerers (Elf:2)
  An orc warlord (Elf:1)
  2 stone giants
  A deep elf death mage (Elf:1)
  A deep elf high priest (Elf:1)
  Josephine (D:10)
  Fannar (Lair:1)
  Erolcha (Orc:2)
  4 vault guards (D:14)
  A catoblepas (D:14)
  3 boulder beetles
  6 centaur warriors
  4 hydras
  2 ogre magi
  A death knight (D:14)
  8 dancing weapons
  9 two-headed ogres
  9 death yaks
  2 tengu warriors (D:15)
  An orc high priest (Elf:1)
  Nergalle (Orc:2)
  7 deep elf knights
  Sonja (Lair:2)
  Amaemon (Lair:1)
  3 skeletal warriors (D:15)
  Lodul (D:12)
  11 deep elf archers
  A lindwurm (Lair:3)
  2 necromancers (D:14)
  3 wizards
  Pikel (D:8)
  12 orc knights
  15 deep elf zephyrmancers
  10 orc sorcerers
  10 deep elf pyromancers
  2 cyclopes
  A wolf spider (Lair:5)
  11 ugly things
  20 elephants
  A guardian serpent (Lair:5)
  12 black mambas
  A gargoyle (D:11)
  An orange demon (Lair:1)
  An eye of devastation (shapeshifter) (D:14)
  Joseph (D:9)
  3 rime drakes
  13 cane toads
  2 unseen horrors
  9 komodo dragons
  A yaktaur (D:14)
  4 kobold demonologists (D:12)
  2 yaktaurs (shapeshifter)
  A freezing wraith (D:15)
  3 tengu conjurers (D:14)
  A merfolk (Lair:3)
  3 trolls
  Prince Ribbit (Lair:1)
  6 meliai (D:13)
  12 polar bears
  A raiju (Lair:5)
  13 blink frogs
  A wind drake (shapeshifter) (D:15)
  4 hornets
  5 dream sheep (Lair:4)
  3 slime creatures (D:11)
  An air elemental (Elf:2)
  7 wraiths
  A fire elemental (Elf:2)
  15 wyverns
  2 shadows
  23 yaks
  16 humans (D:14)
  A steam dragon (D:9)
  A vampire mosquito (D:14)
  2 redbacks (Lair:5)
  6 wargs
  3 acid dragons
  16 hell hounds (Lair:5)
  19 water moccasins
  26 orc warriors
  2 ice beasts
  A swamp drake (D:12)
  14 black bears
  13 ogres
  A sky beast (D:6)
  13 wolves (Lair:5)
  11 centaurs
  A lemure (D:8)
  6 kobold brigands
  An earth elemental (Elf:1)
  16 bullfrogs
  2 gnoll sergeants
  4 scorpions
  21 wights
  4 killer bees
  2 electric eels
  10 howler monkeys
  3 hounds
  2 human zombies (Ossuary)
  2 jellies
  21 orc priests
  A centaur zombie (Ossuary)
  2 iguanas (D:5)
  A gnoll bouda (D:9)
  47 orc wizards
  2 hound zombies (Ossuary)
  3 mummies (Ossuary)
  Robin (D:3)
  16 gnolls
  4 adders
  2 white imps
  An ufetubus (D:5)
  3 adder zombies (Ossuary)
  3 worms
  2 dart slugs (D:1)
  85 orcs
  8 ball pythons
  7 endoplasms
  2 giant cockroaches
  A gnoll zombie (Ossuary)
  17 goblins
  12 hobgoblins
  2 jackals (D:4)
  18 kobolds
  5 quokkas
  5 bats
  5 frilled lizards
  5 goblin zombies
  6 hobgoblin zombies (Ossuary)
  5 jackal zombies (Ossuary)
  4 kobold zombies (Ossuary)
  2 orc zombies (Ossuary)
  2 quokka zombies (Ossuary)
  4 rats
  4 rat zombies
854 creatures vanquished.

Vanquished Creatures (collateral kills)
  A two-headed ogre (D:11)
  A centaur warrior (D:14)
  2 komodo dragons
  2 blink frogs (Lair:2)
  A black bear (D:9)
  An orc wizard (Orc:2)
8 creatures vanquished.

Vanquished Creatures (others)
  A deep elf knight (Elf:1)
  2 orc knights (Elf:1)
  2 deep elf pyromancers (Elf:1)
  An orc priest (Orc:2)
  An orc wizard (D:9)
  An orc (Orc:2)
  49 fungi
  88 plants
  A spectral weapon (Lair:4)
146 creatures vanquished.

Grand Total: 1008 creatures vanquished

Notes
Turn   | Place    | Note
-------+----------+-------------------------------------------
     0 | D:1      | emiel the Demonspawn Berserker began the quest for the Orb.
     0 | D:1      | Reached XP level 1. HP: 18/18 MP: 1/1
    85 | D:1      | Reached skill level 3 in Axes
   157 | D:1      | Gained mutation: You have a small tail. [demonic ancestry]
   157 | D:1      | Reached XP level 2. HP: 10/24 MP: 2/2
   616 | D:1      | Reached ** piety under Trog
   664 | D:1      | Found a faded altar of an unknown god.
   723 | D:1      | Reached XP level 3. HP: 28/29 MP: 3/3
  1062 | D:2      | Reached skill level 4 in Axes
  1120 | D:2      | Found Ituekk's Antique Weapon Shop.
  1491 | D:2      | Gained mutation: You have a tail ending in a sharp stinger.
                  | [demonic ancestry]
  1491 | D:2      | Reached XP level 4. HP: 35/35 MP: 4/4
  1589 | D:3      | Noticed Robin
  1608 | D:3      | Killed Robin
  1945 | D:3      | Reached skill level 5 in Axes
  2126 | D:4      | Reached *** piety under Trog
  2175 | D:4      | Reached XP level 5. HP: 41/41 MP: 5/5
  2186 | D:4      | HP: 1/41 [orc priest/+0 hand axe (4)]
  2368 | D:4      | Reached skill level 6 in Axes
  2482 | D:4      | Gained mutation: You are partially covered in molten
                  | scales. (AC +2) [demonic ancestry]
  2482 | D:4      | Reached XP level 6. HP: 24/47 MP: 6/6
  2608 | D:4      | Noticed a hornet
  2619 | D:4      | Killed a hornet
  2620 | D:4      | Reached skill level 7 in Axes
  2620 | D:4      | Gained mutation: You have a sharp stinger which inflicts
                  | weakening toxins. [demonic ancestry]
  2620 | D:4      | Reached XP level 7. HP: 17/52 MP: 7/7
  3273 | D:5      | Entered Level 5 of the Dungeon
  3286 | D:5      | Found a staircase to the Ecumenical Temple.
  3616 | D:5      | Found Gozag's Platinum Reserve.
  3639 | D:5      | Found Zin's Purification Station.
  3682 | D:5      | Reached skill level 8 in Axes
  3757 | D:5      | Found an opulent altar of Gozag.
  4018 | D:5      | Found Pumol's Magic Scroll Emporium.
  4026 | D:5      | Bought a scroll of blinking for 97 gold pieces
  4026 | D:5      | Bought 3 scrolls of identify for 78 gold pieces
  4030 | D:5      | Identified a scroll of acquirement
  4031 | D:5      | Acquired the +1 pair of gloves "Simus" {+Blink +Inv}
  4502 | D:6      | Reached skill level 1 in Evocations
  4502 | D:6      | Reached XP level 8. HP: 53/58 MP: 8/8
  4855 | D:6      | Found a runed translucent door.
  4856 | D:6      | Noticed Crazy Yiuf
  4957 | D:6      | Reached skill level 9 in Axes
  5116 | D:6      | Gained mutation: A weak demonic guardian rushes to your
                  | aid. [demonic ancestry]
  5116 | D:6      | Reached XP level 9. HP: 66/66 MP: 9/9
  5800 | D:7      | Found a sparkling altar of Nemelex Xobeh.
  5854 | D:7      | Reached skill level 1 in Throwing
  5933 | D:7      | Reached skill level 5 in Fighting
  6376 | D:8      | Reached **** piety under Trog
  6397 | D:8      | Found an ornate altar of the Wu Jian Council.
  6425 | D:8      | Reached skill level 10 in Axes
  6454 | D:8      | Found a sand-covered staircase.
  6506 | Ossuary  | Entered an ossuary
  6732 | Ossuary  | Reached XP level 10. HP: 61/74 MP: 10/10
  6950 | D:8      | Found a blossoming altar of Fedhas.
  7008 | D:8      | Noticed Pikel
  7015 | D:8      | Killed Pikel
  7016 | D:8      | Reached ***** piety under Trog
  7539 | D:8      | Found a snail-covered altar of Cheibriados.
  7673 | D:9      | Reached skill level 5 in Evocations
  7681 | D:9      | Reached skill level 5 in Armour
  7835 | D:9      | Received a gift from Trog
  7836 | D:9      | Reached skill level 5 in Dodging
  7983 | D:9      | Reached skill level 11 in Axes
  8195 | D:9      | Found a staircase to the Lair.
  8361 | D:9      | Noticed Joseph
  8375 | D:9      | Killed Joseph
  8486 | D:9      | Noticed a two-headed ogre
  8504 | D:9      | Killed a two-headed ogre
  8505 | D:9      | Gained mutation: A meltable shield of frost defends you.
                  | (SH +4) [demonic ancestry]
  8505 | D:9      | Reached XP level 11. HP: 58/83 MP: 11/11
  8915 | D:9      | Found a hazy altar of Hepliaklqana.
  8933 | D:10     | Entered Level 10 of the Dungeon
  8959 | D:10     | Found a shadowy altar of Dithmenos.
  9029 | D:10     | Noticed a two-headed ogre
  9036 | D:10     | Killed a two-headed ogre
  9250 | D:10     | Found a radiant altar of Vehumet.
  9250 | D:10     | Found a shimmering altar of Xom.
  9250 | D:10     | Found an iron altar of Okawaru.
  9301 | D:10     | Noticed Josephine
  9312 | D:10     | Killed Josephine
  9763 | D:11     | Found Refi's Antique Armour Emporium.
  9832 | D:11     | Noticed a two-headed ogre
  9839 | D:11     | Killed a two-headed ogre
  9890 | D:11     | Reached skill level 5 in Throwing
  9892 | D:11     | Noticed a two-headed ogre
  9909 | D:11     | Killed a two-headed ogre
  9910 | D:11     | Reached skill level 12 in Axes
 10635 | D:12     | Noticed Lodul
 10642 | D:12     | Reached XP level 12. HP: 45/91 MP: 12/12
 10644 | D:12     | Killed Lodul
 10906 | Lair:1   | Entered Level 1 of the Lair of Beasts
 10929 | Lair:1   | Noticed Fannar
 10943 | Lair:1   | Killed Fannar
 10975 | Lair:1   | Noticed a death yak
 10977 | Lair:1   | Noticed a death yak
 10997 | Lair:1   | Killed a death yak
 10997 | Lair:1   | Noticed a death yak
 10998 | Lair:1   | Noticed a death yak
 11009 | Lair:1   | Killed a death yak
 11014 | Lair:1   | Killed a death yak
 11019 | Lair:1   | Killed a death yak
 11150 | Lair:1   | Identified the +6 war axe "Ryututz" {spect, rPois rN+ MP+9}
 11233 | Lair:1   | Noticed Prince Ribbit
 11241 | Lair:1   | Killed Prince Ribbit
 11450 | Lair:1   | Noticed Amaemon
 11458 | Lair:1   | Killed Amaemon
 11821 | Lair:2   | Noticed Sonja
 11835 | Lair:2   | Reached skill level 13 in Axes
 11843 | Lair:2   | Your ally Sonja died
 12003 | Lair:2   | Reached XP level 13. HP: 82/99 MP: 13/13
 13098 | Lair:3   | Found a hole to the Spider Nest.
 13357 | Lair:3   | Found a staircase to the Shoals.
 13666 | Lair:4   | Received a gift from Trog
 14541 | Lair:5   | Entered Level 5 of the Lair of Beasts
 14552 | Lair:5   | Reached skill level 14 in Axes
 14583 | Lair:5   | Found a viscous altar of Jiyva.
 14615 | Lair:5   | Found a staircase to the Slime Pits.
 14666 | Lair:5   | Gained mutation: You are mostly covered in molten scales.
                  | (AC +3) [demonic ancestry]
 14666 | Lair:5   | Reached XP level 14. HP: 92/109 MP: 14/14
 14969 | Lair:5   | Reached ****** piety under Trog
 14969 | Lair:5   | Received a gift from Trog
 15435 | Lair:5   | Reached skill level 10 in Fighting
 15881 | Lair:5   | Received a gift from Trog
 16866 | D:12     | Found a staircase to the Orcish Mines.
 17148 | D:13     | You fall into a shaft and drop 2 floors!
 17148 | D:15     | Entered Level 15 of the Dungeon
 17294 | D:15     | Reached skill level 15 in Axes
 17316 | D:14     | Identified the +1 long sword "Sarcophage" {freeze, Will+++
                  | Dex+2}
 17513 | Orc:1    | Entered Level 1 of the Orcish Mines
 17513 | Orc:1    | Found a radiant altar of Vehumet.
 17904 | Orc:1    | Received a gift from Trog
 17954 | Orc:2    | Entered Level 2 of the Orcish Mines
 17956 | Orc:2    | Found a flickering gateway to a bazaar.
 18042 | Orc:2    | Reached skill level 10 in Evocations
 18060 | Orc:2    | Found a staircase to the Elven Halls.
 18080 | Orc:2    | Gained mutation: You punish those that try to bend your
                  | will. (Will+) [demonic ancestry]
 18080 | Orc:2    | Reached XP level 15. HP: 91/114 MP: 15/15
 18155 | Bazaar   | Entered a bazaar
 18180 | Bazaar   | Found Umuamos's Jewellery Boutique.
 18202 | Bazaar   | Found Regecwar's Book Emporium.
 18223 | Bazaar   | Found Xeat's Antique Weapon Boutique.
 18243 | Bazaar   | Found Raatz's Antique Armour Shoppe.
 18270 | Bazaar   | Bought a glowing helmet for 90 gold pieces
 18297 | Bazaar   | Bought a transparent battleaxe for 276 gold pieces
 18297 | Bazaar   | Identified the +8 battleaxe "Foezxadgh" {heavy, rPois rF+++
                  | rC+ Dex+3} (You bought it in a shop in a bazaar)
 18337 | Bazaar   | Bought the ring of the Tortoise {AC+8} for 2176 gold pieces
 18337 | Bazaar   | Found the ring of the Tortoise {AC+8}
 18712 | Orc:2    | Found Ecua's Book Emporium.
 18737 | Orc:2    | Found a radiant altar of Vehumet.
 18737 | Orc:2    | Noticed Erolcha
 18761 | Orc:2    | Killed Erolcha
 18832 | Orc:2    | Found Jinuag's Jewellery Emporium.
 18847 | Orc:2    | Found an ancient bone altar of Kikubaaqudgha.
 18850 | Orc:2    | Noticed Nergalle
 18858 | Orc:2    | Killed Nergalle
 18912 | Orc:2    | Found Koxid's Antique Weapon Shoppe.
 18931 | Orc:2    | Found Susch's Magic Scroll Shoppe.
 19465 | D:13     | Received a gift from Trog
 19846 | D:13     | Identified the +3 spear of Contradiction {flame, rF+ MP-9
                  | Dex+6 SInv}
 20532 | D:14     | Found a gate to the Vaults.
 20607 | D:14     | Found a broken altar of Ashenzari.
 20694 | D:14     | Reached skill level 10 in Armour
 20694 | D:14     | Reached skill level 10 in Dodging
 20711 | D:14     | Identified the +8 arbalest of Oqegg {penet, rPois rN+
                  | Dex-3}
 21007 | D:15     | Reached skill level 16 in Axes
 21629 | D:15     | Found a staircase to the Depths.
 22176 | Orc:2    | Bought the ring "Evetasie" {rElec rN+ Str+2} for 496 gold
                  | pieces
 22200 | Orc:2    | Bought a scroll of brand weapon for 152 gold pieces
 22261 | Elf:1    | Entered Level 1 of the Elven Halls
 22354 | Elf:1    | Reached XP level 16. HP: 127/127 MP: 16/16
 22358 | Elf:1    | Reached skill level 10 in Throwing
 22474 | Elf:1    | Found Waclarr's Antique Armour Shoppe.
 22484 | Elf:1    | Found Sirixeg's Antique Weapon Shoppe.
 23023 | Elf:1    | Reached skill level 17 in Axes
 23056 | Elf:1    | HP: 6/129 [orc priest/divine providence (15)]
 23655 | Elf:1    | Received a gift from Trog
 24723 | Elf:2    | Paralysed by an air elemental for 1 turns
 25067 | Elf:2    | HP: 9/195 [+6 scimitar of holy wrath (14)]
 25067 | Elf:2    | Slain by a +6 scimitar of holy wrath

Illustrated notes

Levels and vault maps discovered:
D:1:      nzn_arrival_water_spiral, layout_basic,
          shapermc_ecumenical_altar_mp_ritualfount, minmay_circled_x
D:2:      layout_basic, basic_altar, serial_shops, shop
D:3:      layout_rooms, uniq_robin
D:4:      layout_basic
D:5:      lemuel_ice_spiral_2, layout_basic, zin_purify,
          nicolae_gozag_zags_fifth_avenue, minmay_temple_entry_stoned_glass,
          serial_shops, shop, serial_curves, eino_curves_04, eino_curves_02
D:6:      layout_loops_cross, uniq_crazy_yiuf_cottage
D:7:      layout_loops_ring, nemelex_xobeh_ov_fountains_minmay, minivault_22,
          hangedman_decor_growths
D:8:      layout_basic, tso_metal_star, cheibrodos_worm_habitat, fedhas_altar_2,
          lemuel_doored_altar, enter_ossuary_4, uniq_pikel
D:9:      kennysheep_ambush_hall, layout_cave_pools,
          worldfamousw_hep_ancestral_shrine, due_lair_maze_entry_diamond,
          uniq_joseph
D:10:     layout_cave_pools, nicolae_dithmenos_shadow_blocks,
          gammafunk_temple_overflow_claw, minivault_23, uniq_josephine
D:11:     layout_loops_ring, kennysheep_windowed_goal
D:12:     layout_long_grid, erik_orc_1, uniq_lodul
D:13:     layout_irregular_city
D:14:     layout_small_grid, grunt_vaults_entry_tiered,
          nicolae_ashenzari_skybound, kennysheep_four_rooms
D:15:     grunt_enter_depths_snipers, layout_small_grid, nicolae_water_bricks
Lair:1:   layout_hall_layers, st_stairs_5, infiniplex_staircase_pool,
          grunt_megastairs_2, uniq_fannar, uniq_prince_ribbit2, uniq_amaemon
Lair:2:   layout_misc_corridors, grunt_megastairs_4, uniq_sonja
Lair:3:   layout_regular_city, elwin_shoals_entry_rooms,
          spider_nest_entry_web_field
Lair:4:   beast_lair_carwin_large_4, layout_hall_layers, dpeg_oklob_1
Lair:5:   hangedman_lair_caniforms_friends, layout_hall_layers,
          hangedman_lair_tendril_chambers, slime_entry_1, st_stairs_11,
          chequers_serial_rivers_room_b
Orc:1:    layout_caves, basic_altar, nicolae_orc_flooded_monolith
Orc:2:    kennysheep_orc_mage_school, layout_diamond_mine, serial_shops,
          bzr_entry_water
Elf:1:    layout_geoelf_grid, special_room [special_room_orc],
          evilmike_minifort, minmay_shop_star
Elf:2:    nicolae_elf_blades_crystal_corner, layout_geoelf_octagon,
          minmay_misc_feat_columns

Skill      XL: |  1  2  3  4  5  6  7  8  9 10 11 12 13 14 15 16 |
---------------+-------------------------------------------------+-----
Axes           | 3 4 5 6 7 8 9 10 11 12 13 14 15 16 17 | 17.9
Dodging        | 2 3 4 5 6 7 8 9 10 | 10.0
Armour         | 2 3 4 5 6 7 8 9 10 | 10.0
Evocations     | 1 2 4 5 6 7 9 10 | 10.0
Fighting       | 4 5 6 7 8 9 10 11 13 | 13.1
Throwing       | 2 4 5 6 7 8 9 10 | 10.0

Action                     |  1- 3 |  4- 6 |  7- 9 | 10-12 | 13-15 | 16-18 || total
---------------------------+-------+-------+-------+-------+-------+-------++-------
  Melee: Hand axe          |   116 |   137 |   176 |       |       |       ||   429
         Tailslap          |     9 |    12 |    42 |    60 |   186 |    17 ||   326
         Punch             |     2 |     1 |     2 |     9 |     7 |       ||    21
         War axe           |       |       |   165 |   382 |   661 |       ||  1208
         Broad axe         |       |       |       |       |    20 |       ||    20
         Battleaxe         |       |       |       |       |   245 |   138 ||   383
         Executioner's axe |       |       |       |       |    11 |       ||    11
  Throw: Dart              |       |       |       |       |     7 |     2 ||     9
         Boomerang         |       |       |       |       |       |    47 ||    47
 Invoke: Berserk           |       |     3 |    14 |    14 |     6 |     4 ||    41
         Trog's Hand       |       |     2 |       |     9 |    12 |     5 ||    28
Ability: Evoke Blink       |       |       |       |       |       |     1 ||     1
  Evoke: Wand              |       |       |       |     9 |     3 |    36 ||    48
    Use: Scroll            |       |     3 |     9 |     5 |    18 |     3 ||    38
         Potion            |       |     3 |       |     1 |       |     4 ||     8
   Stab: Sleeping          |     1 |       |       |       |       |       ||     1
         Distracted        |       |       |       |     2 |     7 |       ||     9
         Invisible         |       |       |       |       |       |     3 ||     3
 Armour: Animal skin       |     2 |       |       |       |       |       ||     2
         Chain mail        |    48 |       |       |       |       |       ||    48
         Plate armour      |     3 |    88 |   249 |   312 |   596 |    69 ||  1317
  Dodge: Dodged            |    55 |    39 |   122 |   188 |   649 |    99 ||  1152
  Block: Other             |       |       |       |    37 |   129 |    17 ||   183
